 Dungeon Crawl Stone Soup version 0.21.1-1-g345015f (webtiles) character file.

56 Mgcat the Insei (level 3, 0/28 HPs)
             Began as a Gnoll Transmuter on Mar 21, 2018.
             Splashed by a jelly's acid (4 damage)
             ... on level 4 of the Dungeon.
             The game lasted 00:03:03 (921 turns).

Mgcat the Insei (Gnoll Transmuter)                   Turns: 921, Time: 00:03:04

Health: 0/28       AC: -2    Str: 12    XL:     3   Next: 95%
Magic:  6/9        EV: 23    Int: 16    God:
Gold:   95         SH:  0    Dex: 20    Spells: 6/12 levels left

rFire    . . .     SeeInvis .     - Unarmed
rCold    . . .     Gourm    .   (shield currently unavailable)
rNeg     . . .     Faith    .   (armour currently unavailable)
rPois    x         Spirit   .   (helmet currently unavailable)
rElec    .         Reflect  .   (cloak currently unavailable)
rCorr    .         Harm     .   (gloves currently unavailable)
MR       .....                  (boots currently unavailable)
Stlth    ++........             (no amulet)
HPRegen  0.09/turn              (no ring)
MPRegen  0.11/turn              (no ring)

@: spider-form, corroded
A: tiny, distributed training, strong nose
a: End Transformation


You were on level 4 of the Dungeon.
You were not hungry.
You were a venomous arachnid creature.
You visited 1 branch of the dungeon, and saw 4 of its levels.

You collected 95 gold pieces.

Inventory:

Missiles
 a - 54 arrows
Armour
 b - a +0 robe (melded)
Scrolls
 g - 2 scrolls of magic mapping {!r}
 j - 2 scrolls of identify
Potions
 e - a potion of cancellation
 i - a potion of ambrosia
Books
 c - a book of Changes
Comestibles
 d - 5 rations
 f - 3 chunks of flesh {@w0}


   Skills:
 + Level 2.6 Fighting
 + Level 1.0 Short Blades
 + Level 1.0 Long Blades
 + Level 1.0 Axes
 + Level 1.0 Maces & Flails
 + Level 1.0 Polearms
 + Level 1.0 Staves
 + Level 1.0 Slings
 + Level 1.0 Bows
 + Level 1.0 Crossbows
 + Level 1.0 Throwing
 + Level 1.0 Armour
 + Level 4.6 Dodging
 + Level 1.0 Stealth
 + Level 1.0 Shields
 + Level 6.5 Unarmed Combat
 + Level 5.0 Spellcasting
 + Level 0.7 Conjurations
 + Level 0.7 Hexes
 + Level 0.7 Charms
 + Level 0.7 Summonings
 + Level 0.7 Necromancy
 + Level 0.7 Translocations
 + Level 3.8 Transmutations
 + Level 0.7 Fire Magic
 + Level 0.7 Ice Magic
 + Level 0.7 Air Magic
 + Level 0.7 Earth Magic
 + Level 0.7 Poison Magic
 + Level 1.0 Invocations
 + Level 1.0 Evocations


You had 6 spell levels left.
You knew the following spells:

 Your Spells              Type           Power        Failure   Level  Hunger
a - Beastly Appendage     Tmut           ###...       11%         1    None
b - Sticks to Snakes      Tmut           ###.....     14%         2    #......
c - Spider Form           Tmut/Pois      ##........   38%         3    ###....


Dungeon Overview and Level Annotations

Branches:
Dungeon (4/15)
 Temple: D:4-7

Altars:


Innate Abilities, Weirdness & Mutations

Your experience applies equally to all skills.
((You have very sharp teeth.))
Your uncanny sense of smell can sniff out nearby items.


Message History

d - 5 rations (gained 1) Key pressed, stopping explore.
Unknown command.
There is a stone staircase leading down here.
You climb downwards.
There is a stone staircase leading up here.
As you read the scroll labeled JARAEBB VUGAYF, it crumbles to dust.
You feel aware of your surroundings.
It was a scroll of magic mapping.
As you read the scroll labeled PANTIF NECH, it crumbles to dust.
It is a scroll of enchant weapon.
You aren't carrying any weapons that can be enchanted.
As you read the scroll labeled LAILYT WEOKAKE, it crumbles to dust.
It is a scroll of identify.
e - a potion of cancellation
As you read the scroll of identify, it crumbles to dust.
i - a potion of ambrosia Key pressed, stopping explore.
Found an escape hatch in the ceiling.
There is an escape hatch in the ceiling here. 4 goblins come into view.
The goblin shouts! x2; You hear a shout! x4
The goblin moves out of view.
You hear a shout!
A jelly, a goblin and a hobgoblin come into view.
A worm comes into view.
The goblin shouts!
You see here 20 arrows.
Some of the chunks of flesh in your inventory have rotted away.
Casting: Beastly Appendage
Confirm with . or Enter, or press ? or * to list all spells.
You grow a pair of large bovine horns.
You barely miss the goblin. The goblin closely misses you.
You hit the goblin but do no damage. You bite the goblin.
The goblin is moderately wounded.
The goblin completely misses you.
The jelly quivers.
You hit the goblin.
You kill the goblin!
Your Short Blades skill increases to level 1!
Your Long Blades skill increases to level 1!
Your Axes skill increases to level 1!
Your Maces & Flails skill increases to level 1!
Your Polearms skill increases to level 1!
Your Staves skill increases to level 1!
Your Slings skill increases to level 1!
Your Bows skill increases to level 1!
Your Crossbows skill increases to level 1!
Your Throwing skill increases to level 1!
Your Armour skill increases to level 1!
Your Stealth skill increases to level 1!
Your Shields skill increases to level 1!
Your Evocations skill increases to level 1!
You hit the hobgoblin. Your headbutt misses the hobgoblin.
The hobgoblin is heavily wounded.
You hit the hobgoblin but do no damage.
You bite the hobgoblin, but do no damage.
The hobgoblin is heavily wounded.
The hobgoblin misses you.
You hit the hobgoblin but do no damage. You bite the hobgoblin.
The hobgoblin is heavily wounded.
The hobgoblin closely misses you.
You hit the hobgoblin.
The hobgoblin is severely wounded.
The hobgoblin barely misses you.
You completely miss the hobgoblin.
The hobgoblin is severely wounded.
The hobgoblin hits you but does no damage.
You hit the hobgoblin but do no damage.
The hobgoblin is severely wounded.
The hobgoblin completely misses you.
You hit the hobgoblin.
You kill the hobgoblin!
Casting: Beastly Appendage
Confirm with . or Enter, or press ? or * to list all spells.
Your horns disappear.
You turn into a venomous arachnid creature.
Your +0 robe melds into your body.
The goblin hits you with a dagger.
You closely miss the goblin. The goblin barely misses you.
You bite the goblin!
You kill the goblin!
The jelly hits you. The acid corrodes you!
You are splashed with acid!
The acid burns!
Items here: ))) ††† a dagger; a club; an enchanted dagger; a goblin corpse; a hobgoblin corpse a goblin corpse You hit the jelly but do no damage.
Your front legs burn!
The jelly closely misses you.
You bite the jelly!
Your front legs burn!
* * * LOW HITPOINT WARNING * * *
The jelly is heavily wounded.
The jelly completely misses you.
You hit the jelly.
The jelly is poisoned.
Your front legs burn!
* * * LOW HITPOINT WARNING * * *
The jelly is severely wounded.
The jelly misses you.
You hit the jelly but do no damage.
Your front legs burn!
* * * LOW HITPOINT WARNING * * *
The jelly is almost dead.
The jelly closely misses you.
You hit the jelly.
Your front legs burn!
You die...

#.......##........,
#.#####..#.#######* ###.*
###...# **# *#*#####..,*
#...### **,.
*,w....#.######.#.## *,.*
**.###(..#.<....#..# *.##
*,..##....#######.## *##...
**#.#....########..###....#
#.#..#gJs.....##.##.....#
#....########........####
#.(..#*,,,**######.###
##..g#,,,,,**##.....##
#.#....,,,..........##
#.#.gg...,.######....###
#........,,* ###.....
#####gJ..,** #...##
**....,** ###...


You could see a jelly and a goblin.

Vanquished Creatures
  3 adders
  A worm (D:3)
  2 giant cockroaches
  4 goblins
  5 hobgoblins
  A ball python (D:3)
  4 bats
  4 kobolds
  A rat (D:2)
25 creatures vanquished.

Vanquished Creatures (collateral kills)
  A quokka (D:3)
1 creature vanquished.

Grand Total: 26 creatures vanquished

Notes
Turn   | Place    | Note
-------+----------+-------------------------------------------
     0 | D:1      | Mgcat the Gnoll Transmuter began the quest for the Orb.
     0 | D:1      | Reached XP level 1. HP: 17/17 MP: 6/6
   102 | D:2      | Reached XP level 2. HP: 14/23 MP: 7/7
   130 | D:2      | Learned a level 2 spell: Sticks to Snakes
   326 | D:3      | Reached XP level 3. HP: 24/28 MP: 7/9
   352 | D:3      | Reached skill level 5 in Spellcasting
   367 | D:3      | Reached skill level 1 in Invocations
   418 | D:3      | HP: 4/28 [quokka (5)]
   643 | D:3      | Learned a level 3 spell: Spider Form
   905 | D:4      | Reached skill level 1 in Short Blades
   905 | D:4      | Reached skill level 1 in Long Blades
   905 | D:4      | Reached skill level 1 in Axes
   905 | D:4      | Reached skill level 1 in Maces & Flails
   905 | D:4      | Reached skill level 1 in Polearms
   905 | D:4      | Reached skill level 1 in Staves
   905 | D:4      | Reached skill level 1 in Slings
   905 | D:4      | Reached skill level 1 in Bows
   905 | D:4      | Reached skill level 1 in Crossbows
   905 | D:4      | Reached skill level 1 in Throwing
   905 | D:4      | Reached skill level 1 in Armour
   905 | D:4      | Reached skill level 1 in Stealth
   905 | D:4      | Reached skill level 1 in Shields
   905 | D:4      | Reached skill level 1 in Evocations
   919 | D:4      | HP: 6/28 [acid (2)]
   921 | D:4      | Splashed by a jelly's acid

Skill      XL: |  1  2  3 |
---------------+----------+-----
Spellcasting   | 5 |  5.0
Invocations    | 1 |  1.0
Short Blades   | 1 |  1.0
Long Blades    | 1 |  1.0
Axes           | 1 |  1.0
Maces & Flails | 1 |  1.0
Polearms       | 1 |  1.0
Staves         | 1 |  1.0
Slings         | 1 |  1.0
Bows           | 1 |  1.0
Crossbows      | 1 |  1.0
Throwing       | 1 |  1.0
Armour         | 1 |  1.0
Stealth        | 1 |  1.0
Shields        | 1 |  1.0
Evocations     | 1 |  1.0
Fighting       | |  2.6
Dodging        | |  4.6
Unarmed Combat | |  6.5
Conjurations   | |  0.7
Hexes          | |  0.7
Charms         | |  0.7
Summonings     | |  0.7
Necromancy     | |  0.7
Translocations | |  0.7
Transmutations | |  3.8
Fire Magic     | |  0.7
Ice Magic      | |  0.7
Air Magic      | |  0.7
Earth Magic    | |  0.7
Poison Magic   | |  0.7

Action                   || total
-------------------------++-------
Melee: Unarmed           ||    85
       Kick              ||    13
       Bite              ||    11
       Headbutt          ||     6
 Cast: Beastly Appendage ||    15
       Sticks to Snakes  ||     2
       Spider Form       ||     1
  Use: Scroll            ||     4
Armor: Robe              ||    16
Dodge: Dodged            ||    65

Vault maps used:
D:1:      nicolae_arrival_somewhat_less_tricky_arrival, kennysheep_doodads
D:3:      kennysheep_six_static_rooms, hangedman_decor_push,
          minmay_misc_feat_room, yredelemnul_altar_generic
D:4:      first_ration, uniq_robin

Table legend:
 A = Turns spent in this place as a percentage of turns spent in the entire game.
 B = Non-inter-level travel turns spent in this place as a percentage of non-inter-level travel turns spent in the entire game.
 C = Inter-level travel turns spent in this place as a percentage of turns spent in this place.
 D = Turns resting spent in this place as a percentage of non-inter-level travel turns spent in this place.
 E = Turns spent auto-exploring this place as a percentage of non-inter-level travel turns spent in this place.
 F = Non-inter-level travel turns spent in this place divided by the number of levels of this place that you've seen.
                   A       B       C       D       E      F
               +-------+-------+-------+-------+-------+----------------------
         Total | 100.0 | 100.0 |   0.0 |   0.0 |  57.5 | 230.2
       Dungeon | 100.0 | 100.0 |   0.0 |   0.0 |  57.5 | 230.2
               +-------+-------+-------+-------+-------+----------------------

Table legend:
 A = Kills in this place as a percentage of kills in entire the game.
 B = Kills by you in this place as a percentage of kills by you in the entire game.
 C = Kills by friends in this place as a percentage of kills by friends in the entire game.
 D = Other kills in this place as a percentage of other kills in the entire game.
 E = Experience gained in this place as a percentage of experience gained in the entire game.
 F = Experience gained in this place divided by the number of levels of this place that you have seen.
                   A       B       C       D       E      F
               +-------+-------+-------+-------+-------+----------------------
         Total | 100.0 | 100.0 | 100.0 |   N/A | 100.0 |  20.0
       Dungeon | 100.0 | 100.0 | 100.0 |   N/A | 100.0 |  20.0
               +-------+-------+-------+-------+-------+----------------------
